 Dungeon Crawl Stone Soup version 0.28.0-45-g0d030f2227 (webtiles) character file.

Game seed: 16733452889217923877

62 pkoi the Charlatan (level 3, 0/27 HPs)
             Began as a Demigod Artificer on Apr 19, 2022.
             Slain by Natasha (6 damage)
             ... on level 3 of the Dungeon.
             The game lasted 00:04:13 (3513 turns).

pkoi the Charlatan (Demigod Artificer)              Turns: 3513, Time: 00:04:13

Health: 0/27       AC:  5    Str: 17    XL:     3   Next: 60%
Magic:  5/5        EV: 10    Int: 13    God:
Gold:   89         SH:  0    Dex: 14    Spells: 2/2 levels left

rFire   . . .      SeeInvis .   g - +0 dagger
rCold   . . .      Faith    .   (no shield)
rNeg    . . .      Spirit   .   k - +0 ring mail
rPois   .          Reflect  .   (no helmet)
rElec   .          Harm     .   (no cloak)
rCorr   .          Rampage  .   (no gloves)
Will    .....                   (no boots)
Stlth   +.........              (no amulet)
HPRegen 0.09/turn               (no ring)
MPRegen 0.09/turn               (no ring)

@: no status effects
A: high MP 1, forlorn, divine attributes
a: no special abilities


You were on level 3 of the Dungeon.
You visited 1 branch of the dungeon, and saw 3 of its levels.

You collected 89 gold pieces.

Inventory:

Hand Weapons
 a - a +0 club
 g - a +0 dagger (weapon)
 m - a +0 whip
Missiles
 h - 10 poisoned darts
Armour
 b - a +0 leather armour
 k - a +0 ring mail (worn)
Wands
 c - a wand of flame (9) (quivered)
 d - a wand of charming (14)
Scrolls
 f - 3 scrolls of identify
 i - 3 scrolls of enchant armour
Miscellaneous
 e - a piece from Xom's chessboard (14/15)


   Skills:
 - Level 0.8 Fighting
 - Level 1.7 Armour
 - Level 0.8 Dodging
 - Level 0.8 Stealth
 + Level 1.0 Unarmed Combat
 * Level 4.2 Evocations


You had 2 spell levels left.
You didn't know any spells.
Your spell library contained the following spells:

 Spells                   Type           Power      Damage    Failure   Level
 Dazzling Flash           Conj/Hex       0%         N/A       86%         3
 Iskenderun's Mystic Bla  Conj/Tloc      0%         2d3       99%         4
 Starburst                Conj/Fire      0%         6d3       100%        6


Dungeon Overview and Level Annotations

Branches:
Dungeon (3/15)

Annotations:
D:2 Sigmund
D:3 Natasha


Innate Abilities, Weirdness & Mutations

You have an increased reservoir of magic. (+10% MP)
You shall have no god before yourself.
Your divine heritage dramatically boosts your attributes as you level up.


Message History

Gang up on whom?
Press: ? - help, Dir - move target, f - Natasha, p - kobold
Aim: Natasha Attack!
You feel sick.
Your kobold barely misses the crimson imp.
The crimson imp hits your kobold.
Unknown command.
You feel sick.
Your kobold closely misses the crimson imp.
Natasha breaks down the door.
The crimson imp completely misses your kobold.
You feel sick.
Your kobold closely misses the crimson imp.
The crimson imp hits your kobold.
Your kobold dies!
You feel sick. Natasha barely misses you.
The crimson imp blinks!
You barely miss Natasha.
You feel sick. Natasha closely misses you.
You hit Natasha.
Natasha is lightly wounded.
You feel sick. Natasha claws you but does no damage.
You hit Natasha.
Natasha is moderately wounded.
You feel sick.
You are no longer poisoned.
Natasha mewls in sadness.
Natasha closely misses you.
The white imp picks up a beetle and eats it.
Natasha casts a spell at you. The magic dart hits you.
* * * LOW HITPOINT WARNING * * *
You closely miss the crimson imp.
You hit the crimson imp but do no damage.
The crimson imp blinks!
Natasha stares at you and mumbles some strange words.
The magic dart hits you.
* * * LOW HITPOINT WARNING * * *
The white imp lashes its tail.
Unknown command.
Natasha claws you.
You die...

.......#
#......#
#......#
#......#
#..$.5.#
##......#
'......#
#h5....#
#@######
#.# #.#
#.. #.##
#.# ###


You could see Natasha, a crimson imp (summoned) and a white imp (summoned).

Vanquished Creatures
  2 adders (D:2)
  A worm (D:2)
  2 dart slugs (D:1)
  5 endoplasms
  2 giant cockroaches (D:2)
  4 goblins
  A hobgoblin (D:1)
  2 jackals (D:2)
  A kobold (D:2)
  A quokka (D:1)
  4 ball pythons
  4 bats (D:2)
  4 frilled lizards
  4 rats
37 creatures vanquished.

Vanquished Creatures (others)
  A kobold (D:3)
  4 fungi (D:2)
  2 plants (D:2)
7 creatures vanquished.

Grand Total: 44 creatures vanquished

Notes
Turn   | Place    | Note
-------+----------+-------------------------------------------
     0 | D:1      | pkoi the Demigod Artificer began the quest for the Orb.
     0 | D:1      | Reached XP level 1. HP: 15/15 MP: 3/3
   308 | D:1      | Reached skill level 3 in Evocations
   373 | D:1      | You fall into a shaft and drop 1 floor!
   808 | D:2      | Reached XP level 2. HP: 22/22 MP: 4/4
  1997 | D:2      | Reached XP level 3. HP: 24/27 MP: 5/5
  2112 | D:2      | Noticed Sigmund
  2441 | D:2      | Reached skill level 4 in Evocations
  2984 | D:2      | Reached skill level 1 in Unarmed Combat
  3496 | D:3      | Noticed Natasha
  3513 | D:3      | Slain by Natasha

Illustrated notes

Levels and vault maps discovered:
D:1:      sevenhm_arrival_forest_fort_large_4, layout_basic, minmay_bisected
D:2:      layout_basic, dreamdust_ecumenical_altar_grove,
          chequers_decorated_corner, minmay_pentomino_q2, uniq_sigmund
D:3:      layout_basic, nicolae_qazlal_eye_of_the_storm, uniq_natasha

Skill      XL: |  1  2  3 |
---------------+----------+-----
Evocations     | 3 4 |  4.2
Unarmed Combat | 1 |  1.0
Fighting       | |  0.8
Armour         | |  1.7
Dodging        | |  0.8
Stealth        | |  0.8

Action                   || total
-------------------------++-------
Melee: Dagger            ||   193
       Club              ||     8
       Punch             ||     1
Evoke: Piece from Xom's  ||     2
       Wand              ||     7
  Use: Scroll            ||     3
 Stab: Sleeping          ||     1
Armor: Leather armour    ||    31
       Ring mail         ||    45
Dodge: Dodged            ||   121
